AoeStats
← Rimbo

Arabia

510192237Analyzed
1v1 RM · 3d ago on Sep 29, 2026· 35m 5s· 2 players
Game mode
Random Map
Map size
Tiny (2 player)
Population
200
Speed
Normal
Resources
Standard
Victory
Conquest
Starting age
Dark Age
Ending age
Imperial Age
RankedLock teamsTeams togetherTeam positionsShared explorationLock speedFull tech treeHidden civsTurbo modeCheats
Victory
Defeat
🇺🇸 Magyars · United States
768
+15
🇨🇳 Wei · China
754
-15
ng879635
11:25 Feudal Age
12:55 Wheelbarrow
12:09 Double-Bit Axe
12:08 Horse Collar
12:26 Gold Mining
13:29 Loom
Rimbo
7:06 Loom
9:07 Feudal Age
10:22 Double-Bit Axe
11:30 Horse Collar
19:53 Castle Age
19:16 Gold Mining
19:48 Scale Barding Armor
20:43 Bloodlines
20:38 Husbandry
21:31 Bow Saw
22:39 Wheelbarrow
24:20 Chain Barding Armor
25:55 Gold Shaft Mining
25:23 Heavy Plow
28:55 Hand Cart
34:16 Stone Mining
Connection lost

Rejoining the realm…

Still unreachable

The connection could not be restored.

Session expired

The server has moved on; the page needs a fresh start.